 Dungeon Crawl Stone Soup version 0.22-a0-247-gbddf880 (webtiles) character file.

73 b5mith the Skirmisher (level 4, -1/35 HPs)
             Began as a Human Berserker on Feb 23, 2018.
             Was a Follower of Trog.
             Shot with a stone by a goblin (3 damage)
             ... on level 4 of the Dungeon.
             The game lasted 00:02:48 (893 turns).

b5mith the Skirmisher (Human Berserker)              Turns: 893, Time: 00:02:49

Health: -1/35      AC:  5    Str: 18    XL:     4   Next: 51%
Magic:  4/4        EV: 13    Int:  7    God:    Trog [*.....]
Gold:   34         SH:  0    Dex: 13    Spells: 3/3 levels left

rFire    . . .     SeeInvis .   a - +0 spear
rCold    . . .     Gourm    .   (no shield)
rNeg     . . .     Faith    .   b - +0 animal skin
rPois    .         Spirit   .   (no helmet)
rElec    .         Reflect  .   (no cloak)
rCorr    .         Harm     .   (no gloves)
MR       .....                  (no boots)
Stlth    +.........             (no amulet)
HPRegen  0.11/turn              d - +3 ring of protection (curse)
MPRegen  0.09/turn              (no ring)

@: berserk cooldown, flying
A: no striking features
a: Berserk, Renounce Religion


You were on level 4 of the Dungeon.
You worshipped Trog.
Trog was aware of your devotion.
You were very hungry.

You visited 1 branch of the dungeon, and saw 3 of its levels.

You collected 34 gold pieces.

Inventory:

Hand Weapons
 a - a +0 spear (weapon)
Armour
 b - a +0 animal skin (worn)
Jewellery
 d - a cursed +3 ring of protection (left hand)
Scrolls
 e - a scroll of fog {unknown}
 i - 3 scrolls of identify {@r1}
 j - a scroll of blinking {unknown}
 k - a scroll of remove curse {unknown}
Potions
 f - a potion of ambrosia {unknown}
Comestibles
 c - 4 rations
 l - 3 chunks of flesh


   Skills:
 + Level 3.5 Fighting
 + Level 3.5 Polearms
 + Level 2.7 Armour
 + Level 2.7 Dodging


You had 3 spell levels left.
You didn't know any spells.

Dungeon Overview and Level Annotations

Branches:
Dungeon (2/15)

Altars:
Gozag


Message History

The adder misses you. The orc hits you.
* * * LOW HITPOINT WARNING * * *
The adder barely misses you. The adder bites you.
* * * LOW HITPOINT WARNING * * *
You are poisoned.
The adder poisons you! The adder misses you.
* * * LOW HITPOINT WARNING * * *
You feel sick. The adder bites you but does no damage.
Found a ration.
You feel better. The orc misses you. The adder bites you.
* * * LOW HITPOINT WARNING * * *
The orc closely misses you. The adder bites you.
* * * LOW HITPOINT WARNING * * *
The adder bites you.
* * * LOW HITPOINT WARNING * * *
You feel yourself speed up. The adder misses you.
The goblin shoots a stone.
The stone hits you.
You die...

.# .# ##.# #.. ...##
# # #%#...#.#
#.#.#... ### #@#...#
..# #.#...# #.. #S.#
#.# ##.# #.#
##g###.## #.#
##.......# ...
#.#####........##...
#).((....##.#.......
#..................


You could see an adder and a goblin.

Vanquished Creatures
  Blork the orc (D:4)
  An adder (D:2)
  2 leopard geckos
  An orc (D:4)
  2 bats (D:1)
  2 giant cockroaches
  5 goblins
  2 hobgoblins
  4 jackals (D:2)
  A kobold (D:2)
  A rat (D:1)
22 creatures vanquished.

Notes
Turn   | Place    | Note
-------+----------+-------------------------------------------
     0 | D:1      | b5mith the Human Berserker began the quest for the Orb.
     0 | D:1      | Reached XP level 1. HP: 18/18 MP: 1/1
     0 | D:1      | Noticed an ice dragon
     0 | D:1      | Noticed an iron dragon
     2 | D:1      | Noticed an orb of fire
     2 | D:1      | Noticed an orb of fire
     8 | D:1      | Noticed a shadow dragon
     9 | D:1      | Noticed a shadow dragon
    10 | D:1      | Noticed a large abomination
    11 | D:1      | Noticed an ice dragon
    12 | D:1      | Noticed a shadow dragon
    14 | D:1      | Noticed an ice dragon
    14 | D:1      | Noticed a golden dragon
    16 | D:1      | Noticed a shadow dragon
    16 | D:1      | Noticed a tentacled monstrosity
    18 | D:1      | Noticed an orb of fire
    20 | D:1      | Noticed a shadow dragon
   250 | D:1      | Reached XP level 2. HP: 19/24 MP: 2/2
   715 | D:2      | Found an opulent altar of Gozag.
   775 | D:2      | Reached XP level 3. HP: 29/29 MP: 3/3
   826 | D:2      | You fall through a shaft for 2 floors!
   848 | D:4      | Noticed Blork the orc
   861 | D:4      | Killed Blork the orc
   861 | D:4      | Reached XP level 4. HP: 11/35 MP: 4/4
   875 | D:4      | HP: 1/35 [orc (4)]
   893 | D:4      | Shot with a stone by a goblin

Vault maps used:
D:1:      shiori_arrival_whats_in_store_for_you
D:2:      grunt_gozag_statues
D:4:      grunt_temple_overflow_holy_war, temple_statues,
          minmay_misc_feat_nine_boxes, uniq_blork_the_orc

Action                   |  1- 3 |  4- 6 || total
-------------------------+-------+-------++-------
Melee: Spear             |    96 |     9 ||   105
Invok: Berserk           |     1 |       ||     1
  Use: Scroll            |     1 |       ||     1
       Potion            |       |     3 ||     3
 Stab: Sleeping          |     2 |       ||     2
Armor: Animal skin       |    23 |     6 ||    29
Dodge: Dodged            |    49 |    16 ||    65

Table legend:
 A = Spawn XP
 B = Non-spawn XP
 C = Spawn XP percentage of total XP
 D = Spawn monster count
 E = Non-spawn monster count
 F = Spawn count percentage of total count
 G = Total turns spent on level
                    A         B        C        D         E        F      G
               +---------+---------+-------+---------+---------+-------+---------
         Total |       0 |     105 |   0.0 |       0 |      22 |   0.0 |   893
               +---------+---------+-------+---------+---------+-------+---------
           D:1 |       0 |      19 |   0.0 |       0 |      10 |   0.0 |   691
           D:2 |       0 |      27 |   0.0 |       0 |       8 |   0.0 |   135
           D:4 |       0 |      59 |   0.0 |       0 |       4 |   0.0 |    67
               +---------+---------+-------+---------+---------+-------+---------
